 Dungeon Crawl Stone Soup version 0.23.0-3-gf3c87f2 (webtiles) character file.

Game seed: 5830703653183612139

36474 varaam the Unseen (level 13, -5/98 HPs)
             Began as a Vampire Assassin on Feb 20, 2019.
             Was a High Priest of Nemelex Xobeh.
             Slain by a seven-headed hydra simulacrum (15 damage)
             ... on level 5 of the Lair of Beasts on Feb 21, 2019.
             The game lasted 02:03:59 (26654 turns).

varaam the Unseen (Vampire Assassin)               Turns: 26654, Time: 02:04:00

Health: -5/98      AC: 13    Str: 11    XL:     13   Next: 53%
Magic:  0/20       EV: 19    Int: 20    God:    Nemelex Xobeh [*****.]
Gold:   812        SH:  0    Dex: 16    Spells: 8/20 levels left

rFire    + . .     SeeInvis +   L - +2 short sword (venom)
rCold    + . .     Gourm    .   (no shield)
rNeg     + . .     Faith    .   Z - +1 robe {MR+} {MR+}
rPois    .         Spirit   +   d - +1 hat {MR+} {MR+}
rElec    .         Reflect  .   P - scarf {rC+ rF+}
rCorr    .         Harm     .   F - +0 pair of gloves
MR       +++++                  (no boots)
Stlth    ++++++....             G - amulet of guardian spirit {Spirit}
HPRegen  0.26/turn              u - ring of the Mage {Wiz MR++ Int+3}
MPRegen  0.17/turn              Y - ring of Robustness {AC+8}

@: no status effects
A: rotting body, fangs 3, see invisible, unbreathing
a: Bat Form, Draw Escape, Draw Destruction, Draw Summoning, Triple Draw, Deal
Four, Stack Five, Renounce Religion


You were on level 5 of the Lair of Beasts.
You worshipped Nemelex Xobeh.
Nemelex Xobeh was extremely pleased with you.
You were not thirsty.

You visited 3 branches of the dungeon, and saw 18 of its levels.
You also visited: Bailey and Volcano.

You collected 1262 gold pieces.
You spent 450 gold pieces at shops.

Inventory:

Hand Weapons
 w - a +0 blowgun
 H - a +3 rapier of flaming
 L - a +2 short sword of venom (weapon)
Missiles
 f - 2 curare-tipped needles
 i - 3 tomahawks of returning
 l - 9 tomahawks
 r - 6 javelins (quivered)
 z - 6 steel tomahawks
 E - 49 poisoned needles
 N - 4 throwing nets {=f}
 Q - 62 stones
Armour
 d - a +1 hat of magic resistance (worn) {MR+}
 A - a +2 helmet of intelligence {Int+3}
 C - a +2 robe of cold resistance {rC+}
 F - a +0 pair of gloves (worn)
 P - a scarf of resistance (worn)
 Z - a +1 robe of magic resistance (worn) {MR+}
Jewellery
 p - a +6 ring of intelligence
 u - the ring of the Mage (left hand) {Wiz MR++ Int+3}
   (You found it on level 4 of the Lair of Beasts)

   [ring of wizardry]

   It improves your spell success rate.
   It affects your intelligence (+3).
   It affects your resistance to hostile enchantments.
 v - an uncursed ring of magical power {MP+9}
 G - an amulet of guardian spirit (around neck) {Spirit}
 I - an uncursed ring of protection from cold
 W - an uncursed ring of wizardry {Wiz+}
 Y - the ring of Robustness (right hand) {AC+8}
   (You found it on level 10 of the Dungeon)

   [ring of protection]

   It affects your AC (+8).
Wands
 a - a wand of paralysis (5)
 D - a wand of digging (10)
 X - a wand of polymorph (6)
Scrolls
 b - a scroll of summoning {unknown}
 c - a scroll of silence
 e - a scroll of fear
 k - a scroll of enchant weapon
 m - 6 scrolls of remove curse
 t - 4 scrolls of teleportation
 x - 2 scrolls of magic mapping {!r}
 y - a scroll of enchant armour
 B - a scroll of blinking {!r}
 K - a scroll of immolation {!r}
 M - a scroll of holy word {unknown}
 S - 3 scrolls of acquirement {unknown}
 T - a scroll of fog {unknown}
Potions
 g - 6 potions of curing
 h - a potion of brilliance {unknown}
 j - a potion of degeneration {unknown}
 n - a potion of might {unknown}
 o - 3 potions of ambrosia
 q - 2 potions of blood {@q1}
 s - 4 potions of haste
 J - a potion of mutation {unknown}
 V - 2 potions of heal wounds


   Skills:
 - Level 8.3 Fighting
 + Level 8.0 Short Blades
 - Level 4.4 Throwing
 - Level 9.3 Dodging
 + Level 15.6 Stealth
 - Level 4.0 Spellcasting
 + Level 7.7 Summonings
 - Level 6.5 Air Magic
 - Level 2.7 Poison Magic
 + Level 9.5 Invocations


You had 8 spell levels left.
You knew the following spells:

 Your Spells              Type           Power        Failure   Level  Hunger
a - Call Canine Familiar  Summ           #####...     1%          3    ###....
b - Summon Lightning Spi  Summ/Air       ####....     2%          4    ####...
c - Call Imp              Summ           #####...     1%          2    #......
x - Mephitic Cloud        Conj/Pois/Air  ###.....     4%          3    ###....

Your spell library contained the following spells:

 Spells                   Type           Power        Failure   Level  Hunger
 Summon Butterflies       Summ           #####...     1%          1    None
 Summon Small Mammal      Summ           ####         1%          1    None
 Poisonous Vapours        Pois/Air       ###...       1%          2    #......
 Sting                    Conj/Pois      #...         3%          1    None
 Summon Guardian Golem    Hex/Summ       ###.....     3%          3    ###....
 Animate Skeleton         Necr           N/A          5%          1    None
 Apportation              Tloc           #.....       5%          1    None
 Confusing Touch          Hex            #.....       5%          1    None
 Summon Ice Beast         Ice/Summ       ###.....     11%         4    ####...
 Olgreb's Toxic Radiance  Pois           ###.....     16%         4    ####...
 Summon Mana Viper        Hex/Summ       ###.....     28%         5    ######.
 Venom Bolt               Conj/Pois      #.........   58%         5    ######.
 Bolt of Magma            Conj/Fire/Erth #.........   77%         5    ######.
 Iskenderun's Battlesphe  Conj/Chrm      #.......     77%         5    ######.
 Summon Hydra             Summ           #####.....   85%         7    #######
 Iron Shot                Conj/Erth      #.........   99%         6    #######
 Orb of Destruction       Conj           #.........   100%        7    #######
 Spellforged Servitor     Conj/Summ      ###.......   100%        7    #######


Dungeon Overview and Level Annotations

Branches:
Dungeon (12/15)            Temple (1/1) D:4            Lair (5/6) D:9
  Swamp (0/4) Lair:4        Snake (0/4) Lair:2          Orc (0/2) D:11
  Slime: Lair:5-6

Altars:
Ashenzari
Cheibriados
Dithmenos
Elyvilon
Fedhas
Gozag
Hepliaklqana
Kikubaaqudgha
Makhleb
Nemelex Xobeh
Okawaru
Qazlal
Sif Muna
Trog
Uskayaw
Vehumet
Wu Jian
Xom
Yredelemnul
Zin
The Shining One

Shops:
D:5 *   D:8 *

Annotations:
D:9 1 runed translucent door, zkyp's ghost, novice FoSk
Lair:3 exclusion: oklob plant
Lair:5 Serogusm's ghost, journeyman CeAM


Innate Abilities, Weirdness & Mutations

Your body is rotting away.
You thrive on raw meat.
You have razor-sharp teeth.
You have supernaturally acute eyesight. (SInv)
You can survive without breathing.


Message History

You now have 4/20 mp.
As you read the scroll of fear, it crumbles to dust.
You assume a fearsome visage.
The seven-headed hydra simulacrum is unaffected.
The dream sheep simulacrum is unaffected.
Your yaktaur wields a cursed -1 arbalest.
Your yaktaur shoots a bolt.
The bolt hits the seven-headed hydra simulacrum!!
The bolt disappears in a puff of smoke!
The dream sheep simulacrum completely misses your yaktaur.
The seven-headed hydra simulacrum bites you but does no damage.
The seven-headed hydra simulacrum closely misses you. x2
The seven-headed hydra simulacrum bites you but does no damage.
The seven-headed hydra simulacrum bites you.
* * * LOW MAGIC WARNING * * *;
* * * LOW HITPOINT WARNING * * *
The seven-headed hydra simulacrum freezes you!
You resist.
* * * LOW MAGIC WARNING * * *
You die...
Your body glows slightly and disappears.

....... #######P###.
.#.......####.#.PP..P#..
........................
.............รท..........
...............#####....
.............###...###..
........c..###.......##.
..........##....###...#.
.......@Z.#....# #..#.
#.P#..P.c.#...##...#..#.
#.####c'...#(...#.##. #
##.Z...#:.W.D.#..
#P.'...##$k...#..
##.#....#Z.k..##.
#..#....##.....#.
#..##....###%..#.
#...##..(.....##.


You could see a seven-headed hydra simulacrum, a dream sheep simulacrum, a
friendly faun and 2 friendly yaktaurs.

Levels and vault maps discovered:
D:1:      roderic_chinese_lattice_arrival, layout_basic
D:2:      layout_loops_ring, lemuel_doored_altar,
          chequers_ecumenical_altar_island
D:3:      layout_basic, serial_rivers, chequers_serial_rivers_micro_e,
          chequers_serial_rivers_room_a, chequers_serial_rivers_micro_c,
          chequers_serial_rivers_micro_b, chequers_serial_rivers_micro_c,
          chequers_serial_rivers_micro_d, kennysheep_nub,
          nicolae_gozag_seed_capital
D:4:      layout_rooms, minmay_temple_entry_fiery
D:5:      minmay_skewed_foursquare, layout_rooms,
          nicolae_overflow_hidden_temple, first_ration, serial_shops,
          nicolae_shop_competitors_out_of_business, makhleb_altar_promises_db
D:6:      layout_basic
D:7:      layout_rooms, kennysheep_mini_moat, gammafunk_ghost_cemetery
D:8:      layout_basic, tso_altar, chequers_temple_overflow_statue_of_worship,
          serial_shops, shop, kennysheep_generic_room_9
D:9:      layout_loops_ring, lair_entry_dummy, ebering_ghost_xom, uniq_pikel,
          uniq_harold
D:10:     minmay_general_purpose_star, layout_long_grid, the_bakery
D:11:     layout_long_grid, minmay_orc_entry_guard_dogs, enter_bailey_2
D:12:     layout_basic, minivault_7
Temple:   nicolae_temple_figure_eight
Lair:1:   layout_regular_city, nicolae_volcano_entry_two_sided,
          lemuel_fruit_fields, serial_bayou_shore_b
Lair:2:   layout_roguey, dummy_snake_entry
Lair:3:   layout_cave_pods, serial_bayou, serial_bayou_shore_b,
          serial_bayou_pond_e, serial_bayou_lagoon_b, serial_bayou_pond_e,
          serial_bayou_pond_d, st_stairs_3, minmay_lair_oklob_chamber,
          uniq_gastronok
Lair:4:   layout_small_grid, minmay_swamp_entry_swarm, columned_hall_lemuel,
          serial_bayou_pond_e, chequers_serial_rivers_room_a,
          serial_bayou_pond_b, chequers_serial_rivers_micro_a
Lair:5:   layout_big_grid, gammafunk_ghost_icy, grunt_megastairs_1
Bailey:   bailey_axe_of_yendor_kennysheep, bailey
Volcano:  volcano_pools

Notes
Turn   | Place    | Note
-------+----------+-------------------------------------------
     0 | D:1      | varaam the Vampire Assassin began the quest for the Orb.
     0 | D:1      | Reached XP level 1. HP: 16/16 MP: 1/1
    39 | D:1      | Identified a +0 dagger
    59 | D:1      | Identified a +0 club
    61 | D:1      | Reached skill level 6 in Stealth
   106 | D:1      | Reached XP level 2. HP: 18/22 MP: 2/2
   336 | D:1      | Reached skill level 3 in Short Blades
   388 | D:1      | Identified a +0 short sword
   470 | D:1      | Identified a +0 club
   547 | D:1      | Identified a +0 dagger
   793 | D:1      | Identified a +0 dagger
   800 | D:1      | Reached XP level 3. HP: 27/27 MP: 3/3
   844 | D:1      | Identified a +0 club
  1013 | D:1      | Identified a +0 club
  1054 | D:1      | Identified a +0 club
  1125 | D:1      | Identified a +0 dagger
  1342 | D:2      | Identified a +0 dagger
  1343 | D:2      | Identified a +0 dagger
  1375 | D:2      | Identified a +0 blowgun
  1391 | D:2      | Identified a +2 dagger
  1682 | D:2      | Identified a +1 hunting sling of freezing
  1773 | D:2      | Identified a +0 club
  1773 | D:2      | Identified a +0 ring mail
  1877 | D:2      | Identified a +0 club
  1905 | D:2      | Reached skill level 4 in Short Blades
  1905 | D:2      | Reached skill level 7 in Stealth
  1905 | D:2      | Reached XP level 4. HP: 26/33 MP: 4/4
  2085 | D:2      | Identified an amulet of the gourmand (You found it on level
                  | 2 of the Dungeon)
  2139 | D:2      | Identified a +0 hunting sling
  2165 | D:2      | Found a shimmering altar of Xom.
  2170 | D:2      | Identified a +0 dagger
  2240 | D:2      | Found a faded altar of an unknown god.
  2372 | D:2      | Identified a +0 club
  2558 | D:3      | Identified a +0 mace
  2609 | D:3      | Identified a +0 club
  2616 | D:3      | Identified a +0 club
  2676 | D:3      | Identified a +2 short sword of holy wrath
  2801 | D:3      | Identified a +0 hand axe
  2801 | D:3      | Identified a +0 dagger
  2802 | D:3      | Identified a +0 flail
  2898 | D:3      | Noticed a sky beast
  2905 | D:3      | Killed a sky beast
  2905 | D:3      | Reached skill level 5 in Short Blades
  2905 | D:3      | Reached skill level 8 in Stealth
  2905 | D:3      | Reached XP level 5. HP: 38/38 MP: 5/5
  2907 | D:3      | Found an opulent altar of Gozag.
  2934 | D:3      | Identified a +0 club
  2937 | D:3      | Identified a +0 dagger
  2937 | D:3      | Identified a +2 robe of cold resistance
  2951 | D:3      | Identified a +0 club
  2951 | D:3      | Identified a +0 chain mail
  2959 | D:3      | Identified a +0 falchion
  2971 | D:3      | Identified a +0 dagger
  2971 | D:3      | Identified a +0 leather armour
  2991 | D:3      | HP: 9/38 [orc wizard/magic dart (5)]
  2992 | D:3      | Noticed a swamp drake
  2992 | D:3      | an orc wizard changed into a swamp drake
  2994 | D:3      | a swamp drake changed into a worm
  3003 | D:3      | Identified a +0 whip
  3005 | D:3      | HP: 7/38 [orc/+0 whip (3)]
  3012 | D:3      | HP: 5/38 [jackal (3)]
  3259 | D:3      | Identified a +0 flail
  3259 | D:3      | Identified a +0 ring mail
  3607 | D:3      | Reached skill level 2 in Fighting
  3609 | D:3      | Identified a +0 rapier
  3609 | D:3      | Identified a +0 blowgun
  3803 | D:3      | Identified a +0 dagger
  4065 | D:3      | Reached XP level 6. HP: 32/44 MP: 6/6
  4083 | D:3      | Reached skill level 2 in Throwing
  4735 | D:4      | Reached skill level 2 in Dodging
  4751 | D:4      | Identified a +0 club
  4751 | D:4      | Identified a +0 dagger
  4751 | D:4      | Identified a +0 club
  4765 | D:5      | Entered Level 5 of the Dungeon
  4799 | D:5      | Identified an amulet of guardian spirit (You found it on
                  | level 5 of the Dungeon)
  5447 | D:5      | Learned a level 2 spell: Call Imp
  5694 | D:5      | Identified a ring of strength (You found it on level 5 of
                  | the Dungeon)
  6222 | D:4      | Identified a cursed -3 short sword
  6243 | D:4      | Identified a ring of wizardry (You found it on level 4 of
                  | the Dungeon)
  6298 | D:4      | Found a staircase to the Ecumenical Temple.
  6304 | Temple   | Entered the Ecumenical Temple
  6488 | Temple   | Became a worshipper of Nemelex Xobeh the Trickster
  6521 | D:4      | Received a gift from Nemelex Xobeh
  6557 | D:4      | Found the +3 giant club "Skullcrusher" {speed, Str+7}
  6581 | D:4      | Reached skill level 1 in Summonings
  6893 | D:5      | Found Hempeuh's Assorted Antiques.
  6898 | D:5      | Identified a +0 flail
  6898 | D:5      | Identified a +0 ring mail
  6900 | D:5      | Identified a +0 mace
  6900 | D:5      | Identified a +0 ring mail
  6906 | D:5      | Found a burning altar of Makhleb.
  6906 | D:5      | Identified a +2 demon whip of electrocution
  6906 | D:5      | Noticed a balrug
  6906 | D:5      | Identified a +0 flail
  6908 | D:5      | Identified a +0 club
  6968 | D:5      | Found a glowing silver altar of Zin.
  6971 | D:5      | Reached * piety under Nemelex Xobeh
  7015 | D:5      | Reached skill level 3 in Fighting
  7015 | D:5      | Reached skill level 3 in Dodging
  7015 | D:5      | Reached XP level 7. HP: 44/52 MP: 7/7
  7161 | D:5      | Identified a +0 shortbow
  7171 | D:5      | Reached skill level 3 in Throwing
  7171 | D:5      | Reached skill level 2 in Summonings
  7253 | D:5      | Identified 8 scrolls of identify
  7253 | D:5      | Identified 3 scrolls of random uselessness
  7254 | D:5      | Identified 5 scrolls of remove curse
  7255 | D:5      | Identified 2 potions of curing
  7256 | D:5      | Identified 2 scrolls of enchant armour
  7257 | D:5      | Identified a potion of haste
  7258 | D:5      | Identified 4 scrolls of amnesia
  7259 | D:5      | Identified 4 scrolls of enchant weapon
  7260 | D:5      | Identified a potion of heal wounds
  7293 | D:5      | Identified a +0 mace
  7480 | D:6      | Identified a +0 giant club
  7661 | D:6      | Received a gift from Nemelex Xobeh
  7687 | D:6      | Reached skill level 4 in Dodging
  7703 | D:6      | Identified a +0 pair of gloves (You found it on level 6 of
                  | the Dungeon)
  7721 | D:6      | Identified a +3 scimitar
  7721 | D:6      | Identified a +0 robe of magic resistance
  7721 | D:6      | Identified a +2 spear of freezing
  7721 | D:6      | Identified a +0 robe
  7721 | D:6      | Identified a cursed +0 hand axe
  7721 | D:6      | Identified a +0 robe
  7721 | D:6      | Identified a +0 falchion
  7721 | D:6      | Identified a +0 robe
  7723 | D:6      | Reached XP level 8. HP: 60/60 MP: 8/8
  7739 | D:6      | Reached skill level 3 in Summonings
  7740 | D:6      | Identified a +1 dire flail
  7740 | D:6      | Identified a +0 robe
  7828 | D:6      | Reached skill level 4 in Fighting
  8227 | D:6      | Learned a level 3 spell: Call Canine Familiar
  8717 | D:7      | Reached skill level 4 in Throwing
  8735 | D:7      | Received a gift from Nemelex Xobeh
  8735 | D:7      | Identified a +3 falchion
  8739 | D:7      | Identified a cursed -1 hand axe
  8739 | D:7      | Identified a +0 leather armour
  8740 | D:7      | Identified a +0 dagger
  8740 | D:7      | Identified a +0 robe
  8744 | D:7      | Identified a +0 trident
  8744 | D:7      | Identified a +0 ring mail
  8779 | D:7      | Identified a +0 whip
  8780 | D:7      | Identified a +0 whip
  8783 | D:7      | Reached skill level 5 in Dodging
  8834 | D:5      | Found a blossoming altar of Fedhas.
  8834 | D:5      | Found a radiant altar of Vehumet.
  8960 | D:6      | Reached skill level 4 in Summonings
  9691 | D:7      | Found a runed translucent gate.
  9691 | D:7      | Found a runed translucent gate.
  9691 | D:7      | Found a runed translucent gate.
  9695 | D:7      | Noticed tyn's ghost (novice GrEE)
  9695 | D:7      | Noticed TheNamelessOne's ghost (novice OpHu)
  9726 | D:7      | You fall through a shaft!
  9727 | D:8      | Identified a cursed +2 falchion
  9727 | D:8      | Identified a +0 robe
  9729 | D:8      | Identified a +3 flail
  9729 | D:8      | Identified a +0 robe
  9783 | D:8      | Received a gift from Nemelex Xobeh
  9889 | D:7      | Identified a +0 scale mail
 10074 | D:7      | Reached ** piety under Nemelex Xobeh
 10120 | D:7      | Found a basalt altar of Yredelemnul.
 10139 | D:7      | Identified a +0 ring mail
 10140 | D:7      | Identified a +0 flail
 10140 | D:7      | Identified a +0 leather armour
 10143 | D:7      | Identified a +0 battleaxe
 10143 | D:7      | Identified a +0 plate armour
 10166 | D:7      | Reached skill level 6 in Dodging
 10373 | D:7      | Identified a -2 hand axe of venom
 10379 | D:7      | Identified a -1 quarterstaff
 10401 | D:7      | Killed TheNamelessOne's ghost
 10401 | D:7      | Reached skill level 7 in Dodging
 10401 | D:7      | Reached XP level 9. HP: 32/67 MP: 9/9
 10405 | D:7      | Killed tyn's ghost
 10405 | D:7      | Reached skill level 8 in Dodging
 10505 | D:5      | Bought a papyrus book for 450 gold pieces
 10508 | D:5      | Learned a level 2 spell: Poisonous Vapours
 10514 | D:5      | Learned a level 3 spell: Mephitic Cloud
 10515 | D:5      | Identified 2 scrolls of teleportation
 10516 | D:5      | Identified 2 potions of ambrosia
 10517 | D:5      | Identified a scroll of magic mapping
 10766 | D:8      | Got a fine mace
 10767 | D:8      | Identified the +5 mace "Xaickaru" {crush, rF++ Str-2} (You
                  | found it on level 8 of the Dungeon)
 10856 | D:8      | Identified a cursed +5 short sword
 10856 | D:8      | Identified a +0 robe
 10857 | D:8      | Identified a +3 great sword
 10857 | D:8      | Identified a +0 robe
 10898 | D:8      | Reached skill level 9 in Dodging
 11221 | D:8      | Received a gift from Nemelex Xobeh
 11241 | D:8      | Found a glowing golden altar of the Shining One.
 11284 | D:8      | Identified a +0 ring mail
 11284 | D:8      | Identified a +0 halberd
 11284 | D:8      | Identified a +0 plate armour
 11285 | D:8      | Identified a +0 hand axe
 11288 | D:8      | HP: 16/67 [orc warrior/+0 halberd (23)]
 11540 | D:8      | Identified a ring of intelligence (You found it on level 8
                  | of the Dungeon)
 11553 | D:8      | Identified a +0 hand axe
 11555 | D:8      | Identified a +2 short sword of venom
 11555 | D:8      | Identified a +0 mace
 11561 | D:8      | Found a burning altar of Makhleb.
 11572 | D:8      | Identified a +0 battleaxe
 11572 | D:8      | Identified a +0 plate armour
 11573 | D:8      | Found a bloodstained altar of Trog.
 11573 | D:8      | Found a deep blue altar of Sif Muna.
 11576 | D:8      | Identified a +0 scale mail
 11596 | D:8      | Identified a cursed +0 mace
 11596 | D:8      | Identified a +0 chain mail
 11600 | D:8      | Identified a +0 ring mail
 11601 | D:8      | Identified a +0 flail
 11603 | D:8      | Reached skill level 1 in Air Magic
 11603 | D:8      | Reached skill level 1 in Poison Magic
 11634 | D:8      | Reached skill level 9 in Stealth
 11876 | D:8      | Found Keowebumo's Assorted Antiques.
 12365 | D:9      | Identified a +0 animal skin
 12367 | D:9      | Identified a +0 whip of freezing
 12367 | D:9      | Identified a +2 robe of positive energy
 12367 | D:9      | Noticed Pikel
 12368 | D:9      | Identified a +0 animal skin
 12373 | D:9      | Identified a +0 animal skin
 12379 | D:9      | Identified a +0 animal skin
 12384 | D:9      | Killed Pikel
 12384 | D:9      | Reached skill level 2 in Air Magic
 12384 | D:9      | Reached skill level 2 in Poison Magic
 12384 | D:9      | Reached skill level 1 in Invocations
 12384 | D:9      | Reached XP level 10. HP: 48/73 MP: 1/10
 12407 | D:9      | Identified a +0 giant club
 12419 | D:9      | Reached skill level 6 in Short Blades
 12456 | D:9      | Identified a ring of protection from cold (You found it on
                  | level 9 of the Dungeon)
 12555 | D:9      | Reached skill level 3 in Air Magic
 12560 | D:9      | Received a gift from Nemelex Xobeh
 12598 | D:9      | Reached skill level 2 in Invocations
 12654 | D:9      | Identified a +0 club
 12735 | D:9      | Reached skill level 10 in Stealth
 12980 | D:9      | Noticed a ghost moth
 12989 | D:9      | Killed a ghost moth
 12989 | D:9      | Reached skill level 7 in Short Blades
 12989 | D:9      | Reached skill level 3 in Invocations
 13038 | D:9      | Identified a scroll of fear
 13057 | D:9      | Identified a +0 dire flail
 13057 | D:9      | Identified a +0 scale mail
 13057 | D:9      | Noticed Harold
 13083 | D:9      | Reached skill level 11 in Stealth
 13094 | D:9      | Killed Harold
 13094 | D:9      | Reached skill level 4 in Invocations
 13095 | D:9      | Found a runed translucent door.
 13095 | D:9      | Noticed zkyp's ghost (novice FoSk)
 13107 | D:9      | Found a shimmering altar of Xom.
 13107 | D:9      | Identified a +0 mace of chaos
 13107 | D:9      | Noticed a +0 mace of chaos
 13160 | D:9      | Identified a +0 dagger
 13169 | D:9      | Got a warped chain mail
 13180 | D:9      | Identified the cursed +1 chain mail of Recklessness {Int+6
                  | Dex-2} (You found it on level 9 of the Dungeon)
 13286 | D:9      | Found a staircase to the Lair.
 13407 | D:10     | Entered Level 10 of the Dungeon
 13434 | D:10     | Reached *** piety under Nemelex Xobeh
 13475 | D:10     | Reached skill level 8 in Short Blades
 13475 | D:10     | Reached XP level 11. HP: 59/78 MP: 4/14
 13598 | D:10     | Identified a +0 dagger
 13598 | D:10     | Identified a +0 leather armour
 13652 | D:10     | Identified a +0 dire flail
 13652 | D:10     | Identified a +0 plate armour
 13653 | D:10     | Identified a +0 short sword
 13653 | D:10     | Identified a +0 ring mail
 13653 | D:10     | Identified a +0 morningstar
 13653 | D:10     | Identified a +0 leather armour
 13725 | D:10     | Identified a +0 giant club
 13725 | D:10     | Identified a cursed -1 giant club
 13725 | D:10     | Noticed a two-headed ogre
 13853 | D:10     | Identified a +0 short sword
 13854 | D:10     | Identified a +0 club
 13856 | D:10     | Identified a +0 short sword
 13864 | D:10     | Reached skill level 1 in Spellcasting
 13878 | D:10     | Learned a level 4 spell: Summon Lightning Spire
 13932 | D:10     | Killed a two-headed ogre
 14111 | D:10     | Received a gift from Nemelex Xobeh
 14279 | D:10     | Identified a +0 dagger
 14279 | D:10     | Identified a +0 robe
 14281 | D:10     | Reached skill level 12 in Stealth
 14358 | D:10     | Reached skill level 2 in Spellcasting
 14562 | D:10     | Identified a +0 mace
 14566 | D:10     | Identified a +0 flail
 14593 | D:10     | Received a gift from Nemelex Xobeh
 14669 | D:10     | Found the ring of Robustness {AC+8}
 14744 | D:11     | Found a staircase to the Orcish Mines.
 14760 | D:11     | Identified a +0 club
 14760 | D:11     | Identified a +0 leather armour
 14761 | D:11     | Identified a +2 antimagic mace
 14764 | D:11     | Identified a +0 trident
 14772 | D:11     | Reached skill level 5 in Summonings
 14777 | D:11     | Identified a cursed -1 dagger
 14777 | D:11     | Identified a +0 shortbow
 14777 | D:11     | Identified a cursed +0 whip
 14778 | D:11     | Identified a +4 dagger
 14778 | D:11     | Identified a +0 leather armour
 14871 | D:11     | Identified a +0 battleaxe
 14871 | D:11     | Identified a +0 chain mail
 14871 | D:11     | Identified a +4 flail
 14871 | D:11     | Identified a +0 robe
 14872 | D:11     | Identified a +3 hand axe
 14872 | D:11     | Identified a +0 robe
 14872 | D:11     | Identified a +0 falchion
 14872 | D:11     | Identified a +0 robe
 14873 | D:11     | Identified a cursed +1 halberd
 14873 | D:11     | Identified a +0 robe
 14873 | D:11     | Identified a +0 short sword
 14873 | D:11     | Identified a cursed +0 chain mail
 14875 | D:11     | Identified a cursed +0 battleaxe
 14875 | D:11     | Identified a +0 robe
 14875 | D:11     | Identified a +0 dagger
 14875 | D:11     | Identified a +0 robe
 14875 | D:11     | Identified a +0 trident
 14881 | D:11     | Identified a +0 hand axe
 14881 | D:11     | Identified a +0 chain mail
 14882 | D:11     | Reached skill level 4 in Air Magic
 14882 | D:11     | Reached skill level 3 in Spellcasting
 14883 | D:11     | Identified a +1 flail of draining
 14884 | D:11     | Reached skill level 5 in Invocations
 14887 | D:11     | Identified a +0 hand axe
 14888 | D:11     | Identified a +0 club
 14889 | D:11     | Identified a +0 club
 14889 | D:11     | Identified a +0 scale mail
 14912 | D:11     | Identified a +0 dagger
 15023 | D:11     | Noticed a five-headed hydra
 15044 | D:11     | Noticed a queen ant
 15044 | D:11     | a five-headed hydra changed into a queen ant
 15052 | D:11     | Killed a queen ant
 15068 | D:11     | Reached **** piety under Nemelex Xobeh
 15150 | D:11     | Received a gift from Nemelex Xobeh
 15218 | D:11     | Got an ancient lajatang
 15219 | D:11     | Identified the cursed +1 lajatang of Eduuqen {slice, *Drain
                  | MR+ Str+2} (You found it on level 11 of the Dungeon)
 15291 | D:11     | Found a flagged portal.
 15300 | Bailey   | Entered a bailey
 15316 | Bailey   | Identified a +0 hand axe
 15316 | Bailey   | Identified a +0 leather armour
 15316 | Bailey   | Identified a +0 war axe
 15316 | Bailey   | Identified a +0 leather armour
 15316 | Bailey   | Identified a +0 broad axe
 15316 | Bailey   | Identified a +0 scale mail
 15316 | Bailey   | Identified a +0 hand axe
 15316 | Bailey   | Identified a +0 leather armour
 15316 | Bailey   | Identified a +0 war axe
 15316 | Bailey   | Identified a +3 leather armour
 15343 | Bailey   | Identified a +0 hand axe
 15343 | Bailey   | Identified a +0 leather armour
 15344 | Bailey   | Found an iron altar of Okawaru.
 15344 | Bailey   | Identified a +0 war axe
 15344 | Bailey   | Identified a +0 leather armour
 15344 | Bailey   | Identified a +0 war axe
 15344 | Bailey   | Identified a +0 ring mail
 15344 | Bailey   | Identified a +0 war axe
 15344 | Bailey   | Identified a +0 scale mail
 15344 | Bailey   | Noticed an orc sorcerer
 15344 | Bailey   | Identified a +0 war axe
 15344 | Bailey   | Identified a +0 scale mail
 15344 | Bailey   | Noticed an orc sorcerer
 15344 | Bailey   | Identified a +0 war axe
 15344 | Bailey   | Identified a +0 ring mail
 15344 | Bailey   | Noticed an orc knight
 15369 | Bailey   | Killed an orc knight
 15370 | Bailey   | an orc sorcerer changed into a salamander
 15370 | Bailey   | Noticed a death drake
 15370 | Bailey   | an orc sorcerer changed into a death drake
 15371 | Bailey   | a death drake changed into a rime drake
 15643 | Bailey   | Identified a +0 hand axe
 15643 | Bailey   | Identified a +0 leather armour
 15643 | Bailey   | Identified a cursed -2 hand axe
 15643 | Bailey   | Identified a +0 leather armour
 15643 | Bailey   | Identified a +0 hand axe
 15643 | Bailey   | Identified a +0 leather armour
 15643 | Bailey   | Identified a +0 hand axe
 15643 | Bailey   | Identified a +0 leather armour
 15643 | Bailey   | Identified a +0 hand axe
 15643 | Bailey   | Identified a +0 ring mail
 15643 | Bailey   | Identified a +0 hand axe
 15643 | Bailey   | Identified a +0 leather armour
 15643 | Bailey   | Identified a +0 war axe
 15643 | Bailey   | Identified a +0 leather armour
 15643 | Bailey   | Identified a +0 broad axe
 15643 | Bailey   | Identified a +0 plate armour
 15643 | Bailey   | Identified a +0 war axe
 15643 | Bailey   | Identified a +0 leather armour
 15643 | Bailey   | Identified a +0 hand axe
 15643 | Bailey   | Identified a +0 leather armour
 15699 | Bailey   | Identified a +0 war axe
 15699 | Bailey   | Identified a +0 scale mail
 15699 | Bailey   | Identified a +0 hand axe
 15699 | Bailey   | Identified a +0 leather armour
 15732 | Bailey   | Identified a +0 hand axe
 15732 | Bailey   | Identified a +0 leather armour
 15732 | Bailey   | Identified a +0 war axe
 15732 | Bailey   | Identified a +0 ring mail
 15757 | Bailey   | Reached skill level 4 in Spellcasting
 15780 | Bailey   | Identified a +0 hand axe
 15780 | Bailey   | Identified a +0 leather armour
 15780 | Bailey   | Identified a +0 hand axe
 15780 | Bailey   | Identified a +0 leather armour
 15780 | Bailey   | Identified a +0 war axe
 15780 | Bailey   | Identified a +0 leather armour
 15780 | Bailey   | Identified a +0 hand axe
 15780 | Bailey   | Identified a +0 leather armour
 15780 | Bailey   | Identified a +0 hand axe
 15780 | Bailey   | Identified a +0 leather armour
 15781 | Bailey   | Identified a cursed +0 hand axe
 15781 | Bailey   | Identified a +0 leather armour
 15781 | Bailey   | Identified a +0 hand axe
 15781 | Bailey   | Identified a +0 leather armour
 15781 | Bailey   | Identified a +0 war axe
 15781 | Bailey   | Identified a +0 plate armour
 15781 | Bailey   | Identified a +0 hand axe
 15781 | Bailey   | Identified a +0 leather armour
 15781 | Bailey   | Identified a +0 hand axe
 15781 | Bailey   | Identified a +0 ring mail
 15882 | Bailey   | Identified a scarf of spirit shield (You found it in a
                  | bailey)
 15892 | Bailey   | Identified a +0 cloak
 15905 | Bailey   | Identified a +1 robe of magic resistance (You found it in a
                  | bailey)
 15945 | Bailey   | Identified a +0 hand axe
 15945 | Bailey   | Identified a +0 leather armour
 15945 | Bailey   | Identified a +0 war axe
 15945 | Bailey   | Identified a +0 ring mail
 15987 | Bailey   | Identified a +0 war axe
 15987 | Bailey   | Identified a +0 scale mail
 15987 | Bailey   | Identified a +0 hand axe
 15987 | Bailey   | Identified a +0 leather armour
 16509 | D:12     | Received a gift from Nemelex Xobeh
 16549 | D:12     | Reached skill level 5 in Air Magic
 16552 | D:12     | Identified a +0 hand axe
 16780 | D:12     | Identified a +0 dagger
 16780 | D:12     | Identified a +0 leather armour
 16814 | D:12     | Identified a scarf of resistance (You found it on level 12
                  | of the Dungeon)
 16818 | D:12     | Identified a cursed +0 leather armour
 16819 | D:12     | Identified a +0 falchion
 16820 | D:12     | Identified a +0 trident
 16820 | D:12     | Identified a +0 leather armour
 16820 | D:12     | Identified a +0 flail
 16820 | D:12     | Identified a +0 leather armour
 16832 | D:12     | Reached skill level 13 in Stealth
 16834 | D:12     | Reached skill level 6 in Summonings
 16970 | D:12     | Identified a cursed -3 dagger
 16970 | D:12     | Identified a +0 robe
 16972 | D:12     | Identified a +0 war axe
 16972 | D:12     | Identified a +0 leather armour
 16973 | D:12     | Identified a +0 trident
 16973 | D:12     | Identified a +0 plate armour
 17129 | Lair:1   | Entered Level 1 of the Lair of Beasts
 17185 | Lair:1   | Identified 2 scrolls of noise
 17186 | Lair:1   | Identified a scroll of blinking
 17244 | Lair:1   | Received a gift from Nemelex Xobeh
 17283 | Lair:1   | Reached skill level 6 in Invocations
 17289 | Lair:1   | Reached XP level 12. HP: 71/85 MP: 13/18
 17334 | Lair:1   | Found a dark tunnel.
 17344 | Volcano  | Entered a volcano
 17362 | Volcano  | Reached ***** piety under Nemelex Xobeh
 17364 | Volcano  | Identified a +1 shortbow of flaming
 17364 | Volcano  | Noticed a centaur warrior
 17365 | Volcano  | Identified a +2 arbalest of flaming
 17368 | Volcano  | Identified a +0 arbalest of flaming
 17369 | Volcano  | Killed a centaur warrior
 17391 | Volcano  | Identified a +1 great sword of flaming (You found it in a
                  | volcano)
 17394 | Volcano  | Identified a +1 great sword of flaming (You found it in a
                  | volcano)
 17420 | Volcano  | Identified a +2 arbalest of flaming
 17437 | Volcano  | HP: 19/85 [yaktaur (17)]
 17457 | Volcano  | Identified a +2 scimitar of flaming
 17457 | Volcano  | Identified a +0 cloak
 17457 | Volcano  | Noticed a red draconian
 17464 | Volcano  | Identified a +0 arbalest of flaming
 17464 | Volcano  | Identified a +3 rapier of flaming
 17465 | Volcano  | HP: 19/85 [red draconian/searing blast (7)]
 17467 | Volcano  | Identified a +0 arbalest
 17467 | Volcano  | Identified a +0 arbalest
 17467 | Volcano  | Identified a +0 arbalest
 17477 | Volcano  | Killed a red draconian
 17477 | Volcano  | Reached skill level 6 in Air Magic
 17495 | Volcano  | Identified a +0 arbalest of flaming
 17995 | Lair:1   | Reached skill level 7 in Summonings
 18439 | Lair:1   | Received a gift from Nemelex Xobeh
 19165 | Lair:2   | Identified a +1 dagger of venom (You found it on level 2 of
                  | the Lair of Beasts)
 19178 | Lair:2   | Reached skill level 14 in Stealth
 19234 | Lair:2   | Identified 2 potions of resistance
 19305 | Lair:2   | Identified a +2 helmet of intelligence (You found it on
                  | level 2 of the Lair of Beasts)
 19445 | Lair:2   | Reached skill level 5 in Fighting
 19465 | Lair:2   | Reached skill level 7 in Invocations
 19620 | Lair:2   | HP: 15/86 [spiny frog (14)]
 19622 | Lair:2   | HP: 7/86 [polar bear (2)]
 19629 | Lair:2   | HP: 12/86 [polar bear (1)]
 19633 | Lair:2   | HP: 3/86 [lindwurm/blast of flame (10)]
 20039 | Lair:2   | Found a staircase to the Snake Pit.
 20088 | Lair:2   | Noticed a six-headed hydra
 20120 | Lair:2   | Killed a six-headed hydra
 20179 | Lair:2   | Reached skill level 6 in Fighting
 20193 | Lair:2   | Reached skill level 15 in Stealth
 20432 | Lair:2   | Received a gift from Nemelex Xobeh
 21548 | Lair:3   | Received a gift from Nemelex Xobeh
 21587 | Lair:3   | Reached skill level 8 in Invocations
 21603 | Lair:3   | Identified a +1 hat of magic resistance
 21603 | Lair:3   | Noticed Gastronok
 21630 | Lair:3   | Killed Gastronok
 21630 | Lair:3   | Reached XP level 13. HP: 28/95 MP: 4/19
 21648 | Lair:3   | HP: 18/95 [blink frog (15)]
 21649 | Lair:3   | Reached skill level 7 in Fighting
 22062 | Lair:3   | HP: 24/96 [poisoned by a black mamba]
 22068 | Lair:3   | HP: 24/96 [poisoned by a black mamba]
 22076 | Lair:3   | HP: 24/96 [poisoned by a black mamba]
 22680 | Lair:3   | Received a gift from Nemelex Xobeh
 22794 | Lair:3   | HP: 24/96 [poisoned by a black mamba]
 22800 | Lair:3   | HP: 21/96 [poisoned by a black mamba]
 22805 | Lair:3   | HP: 19/96 [poisoned by a black mamba]
 22810 | Lair:3   | HP: 18/96 [poisoned by a black mamba]
 22817 | Lair:3   | HP: 18/96 [poisoned by a black mamba]
 22825 | Lair:3   | HP: 18/96 [poisoned by a black mamba]
 23736 | Lair:4   | Found the ring of the Mage {Wiz MR++ Int+3}
 23840 | Lair:4   | Identified a +0 shortbow
 23840 | Lair:4   | Identified a +0 arbalest of velocity
 23843 | Lair:4   | HP: 21/97 [seven-headed hydra (13)]
 23849 | Lair:4   | Reached skill level 9 in Invocations
 24178 | Lair:4   | Received a gift from Nemelex Xobeh
 24266 | Lair:4   | HP: 22/98 [twister/tornado[a card of wild magic] (10)]
 24477 | Lair:4   | Received a gift from Nemelex Xobeh
 24558 | Lair:4   | Found a staircase to the Swamp.
 24881 | Lair:4   | Reached skill level 8 in Fighting
 25136 | Lair:4   | Identified a scroll of silence
 25138 | Lair:4   | Identified a ring of magical power (You found it on level 4
                  | of the Lair of Beasts)
 25149 | Lair:4   | Received a gift from Nemelex Xobeh
 25739 | Lair:4   | HP: 22/98 [blink frog (3)]
 25744 | Lair:4   | HP: 21/98 [poisoned by a black mamba]
 26132 | Lair:5   | Identified a scroll of immolation
 26336 | Lair:5   | Noticed Serogusm's ghost (journeyman CeAM)
 26346 | Lair:5   | Received a gift from Nemelex Xobeh
 26363 | Lair:5   | Found a runed translucent gate.
 26363 | Lair:5   | Found a runed translucent gate.
 26363 | Lair:5   | Found a runed translucent gate.
 26652 | Lair:5   | Identified a +0 arbalest
 26652 | Lair:5   | Identified a cursed -1 arbalest
 26652 | Lair:5   | Identified a +0 spear
 26652 | Lair:5   | Identified a +0 hunting sling
 26653 | Lair:5   | HP: 14/98 [seven-headed hydra simulacrum (14)]
 26654 | Lair:5   | Slain by a seven-headed hydra simulacrum

Table legend:
 A = Turns spent in this place as a percentage of turns spent in the entire game.
 B = Non-inter-level travel turns spent in this place as a percentage of non-inter-level travel turns spent in the entire game.
 C = Inter-level travel turns spent in this place as a percentage of turns spent in this place.
 D = Turns resting spent in this place as a percentage of non-inter-level travel turns spent in this place.
 E = Turns spent auto-exploring this place as a percentage of non-inter-level travel turns spent in this place.
 F = Non-inter-level travel turns spent in this place divided by the number of levels of this place that you've seen.
                   A       B       C       D       E      F
               +-------+-------+-------+-------+-------+----------------------
         Total | 100.0 | 100.0 |   3.8 |  18.8 |  52.3 | 1282.1
       Dungeon |  60.9 |  59.8 |   5.5 |  16.4 |  54.7 | 1277.2
        Temple |   0.7 |   0.8 |   0.0 |   0.0 |  77.4 | 195.0
          Lair |  34.9 |  35.8 |   1.2 |  22.9 |  53.3 | 1836.0
        Bailey |   2.8 |   2.9 |   0.0 |  28.0 |   0.0 | 739.0
       Volcano |   0.8 |   0.8 |   0.0 |   4.5 |   0.0 | 201.0
               +-------+-------+-------+-------+-------+----------------------

Table legend:
 A = Kills in this place as a percentage of kills in entire the game.
 B = Kills by you in this place as a percentage of kills by you in the entire game.
 C = Kills by friends in this place as a percentage of kills by friends in the entire game.
 D = Other kills in this place as a percentage of other kills in the entire game.
 E = Experience gained in this place as a percentage of experience gained in the entire game.
 F = Experience gained in this place divided by the number of levels of this place that you have seen.
                   A       B       C       D       E      F
               +-------+-------+-------+-------+-------+----------------------
         Total | 100.0 | 100.0 | 100.0 | 100.0 | 100.0 | 2605.3
       Dungeon |  61.7 |  64.7 |  42.1 |  35.0 |  33.8 | 1467.0
          Lair |  28.2 |  25.7 |  52.6 |  35.0 |  55.7 | 5806.6
        Bailey |   8.6 |   8.9 |   0.0 |  20.0 |   4.2 | 2197.0
       Volcano |   1.5 |   0.7 |   5.3 |  10.0 |   6.3 | 3272.0
               +-------+-------+-------+-------+-------+----------------------

Skill      XL: |  1  2  3  4  5  6  7  8  9 10 11 12 13 |
---------------+----------------------------------------+-----
Stealth        | 6 7 8 9 11 13 15 | 15.6
Short Blades   | 3 4 5 8 |  8.0
Fighting       | 2 3 4 6 8 |  8.3
Throwing       | 2 3 4 |  4.4
Dodging        | 3 4 7 9 |  9.3
Summonings     | 1 2 4 6 7 |  7.7
Air Magic      | 2 3 5 6 |  6.5
Poison Magic   | 2 |  2.7
Invocations    | 1 4 6 8 9 |  9.5
Spellcasting   | 4 |  4.0

Action                   |  1- 3 |  4- 6 |  7- 9 | 10-12 | 13-15 || total
-------------------------+-------+-------+-------+-------+-------++-------
Melee: Dagger            |   131 |   275 |   290 |       |       ||   696
       Bite              |    13 |    27 |    36 |    88 |    24 ||   188
       Unarmed           |       |    20 |       |       |       ||    20
       Short sword       |       |       |    34 |   699 |   265 ||   998
       Great sword       |       |       |       |    14 |       ||    14
       Rapier            |       |       |       |     4 |       ||     4
 Fire: Blowgun           |     7 |    12 |    12 |       |       ||    31
Throw: Stone             |       |       |       |     1 |       ||     1
       Javelin           |       |       |       |       |     9 ||     9
 Cast: Call Imp          |       |     1 |     9 |     5 |     2 ||    17
       Call Canine Famil |       |       |    10 |     4 |    13 ||    27
       Mephitic Cloud    |       |       |     4 |    53 |    10 ||    67
       Summon Lightning  |       |       |       |     8 |     5 ||    13
Invok: Triple Draw       |       |       |       |     1 |       ||     1
 Abil: End Transformatio |       |     1 |     1 |       |     2 ||     4
       Bat Form          |       |     1 |     1 |       |     2 ||     4
       Draw Destruction  |       |       |    15 |    42 |    17 ||    74
       Draw Summoning    |       |       |     3 |     3 |     4 ||    10
       Draw Escape       |       |       |     1 |     1 |     1 ||     3
Evoke: Wand              |       |     6 |     4 |     2 |     1 ||    13
  Use: Potion            |       |     4 |    10 |     6 |     2 ||    22
       Scroll            |       |       |    12 |     7 |     4 ||    23
 Stab: Sleeping          |    10 |    14 |    21 |    26 |     7 ||    78
       Distracted        |       |     1 |     1 |     5 |     4 ||    11
       Confused          |       |       |     5 |    40 |     9 ||    54
  Eat: Corpse            |     1 |     7 |     5 |    22 |    12 ||    47
Armor: Robe              |    18 |    33 |    54 |   137 |    68 ||   310
Dodge: Dodged            |    53 |   151 |   211 |   669 |   259 ||  1343
       Rpst.: Great sword |       |       |       |     3 |       ||     3

Vanquished Creatures
  Gastronok (Lair:3)
  A hydra (Lair:2)
  Harold (D:9)
  A queen ant (D:11)
  A centaur warrior (Volcano)
  A two-headed ogre (D:10)
  A lindwurm (Lair:4)
  Pikel (D:9)
  The ghost of tyn the Digger, a novice GrEE of Vehumet (D:7)
  An orc knight (Bailey)
  The ghost of TheNamelessOne the Skirmisher, a novice OpHu of Okawaru (D:7)
  An elephant (Lair:3)
  A manticore (D:11)
  3 black mambas
  2 rime drakes
  5 spiny frogs
  3 komodo dragons
  3 yaktaurs (Volcano)
  3 polar bears
  A meliai (D:9)
  A hornet (D:9)
  9 hippogriffs
  16 blink frogs
  2 dream sheep (Lair:2)
  A spriggan (D:10)
  A wraith (D:11)
  3 wyverns
  22 yaks
  2 basilisks
  A golden eye (Lair:1)
  A death yak simulacrum (Lair:5)
  A steam dragon (Lair:4)
  3 vampire mosquitoes (Lair:4)
  3 wargs (D:11)
  10 water moccasins
  8 porcupines
  A slave (D:9)
  16 orc warriors
  A black bear (D:11)
  An ice beast (D:10)
  2 sky beasts
  2 ogres
  A boggart (Bailey)
  6 wolves (Lair:2)
  A phantom (D:5)
  10 crocodiles
  2 centaurs
  A big kobold (D:10)
  18 bullfrogs
  4 scorpions
  3 wyvern skeletons
  13 wights
  13 killer bees
  2 howler monkeys (D:6)
  2 electric eels (Lair:3)
  2 crimson imps
  A bullfrog zombie (D:5)
  A komodo dragon simulacrum (Lair:5)
  3 hounds
  A centaur zombie (D:9)
  5 jellies
  5 orc priests
  A bullfrog skeleton (D:6)
  3 orc wizards
  3 centaur skeletons
  3 iguanas
  7 worker ants
  2 hound skeletons
  A howler monkey zombie (D:5)
  A worker ant zombie (D:9)
  8 gnolls
  8 adders
  2 shadow imps
  An ooze (D:7)
  2 adder skeletons
  3 worms
  3 dart slugs (D:1)
  8 leopard geckos
  55 orcs
  5 bats
  5 giant cockroaches
  18 goblins
  13 hobgoblins
  13 jackals
  4 quokkas
  6 frilled lizards
  14 kobolds
  A leopard gecko skeleton (D:4)
  9 rats
  A fungus (Lair:1)
  3 plants (Lair:3)
437 creatures vanquished.

Vanquished Creatures (collateral kills)
  A red draconian (Volcano)
  2 hydras (Lair:4)
  A lindwurm (Lair:2)
  2 black mambas
  A spiny frog (Lair:4)
  A gargoyle (D:10)
  A yaktaur (Volcano)
  A blink frog (Lair:3)
  A dream sheep (Lair:2)
  3 yaks
  A hog (Lair:1)
  A warg (D:11)
  2 vampire mosquitoes (Lair:4)
  A porcupine (Lair:3)
  3 water moccasins
  An orc warrior (D:8)
  An ice beast (D:7)
  A black bear (D:6)
  A crocodile (Lair:4)
  A wyvern skeleton (D:10)
  A killer bee (D:12)
  A wight (D:8)
  An electric eel (Lair:4)
  2 orc priests
  A worker ant (D:8)
  An adder (D:8)
  4 orcs
  2 plants (Lair:4)
40 creatures vanquished.

Vanquished Creatures (others)
  A ghost moth (shapeshifter) (D:9)
  A yaktaur (Volcano)
  2 slaves (D:9)
  3 electric eels
  2 ball lightnings (Lair:3)
  7 fungi
  11 plants (Lair:3)
27 creatures vanquished.

Grand Total: 504 creatures vanquished
